← All builds
Suicide front / Armada / Factory first / OBSERVED BUILD

Standard suicide front

The role's default: factory first (mostly Bot Lab), pushing Rocketeer-led bot play into the middle to contest and hold the front, with an Advanced Metal Extractor around 9:36 as the natural transition.

Usually lab first (63%)

#raid #push · 1289 distinct matches · 127 players · 71% of Armada Suicide front games · team won 59% of 1527 · Recently observed

HOW TO PLAY IT

Key timing: Bot Lab by 0:20

  1. Open with mex and wind, drop Bot Lab immediately.
  2. Push out first "Centurion" as Pond's boost lands.
  3. Send "Rocketeer", "Centurion", "Pawn" mix to contest middle.
  4. Add Dragon's Teeth and Sentries to hold the line.
  5. Get Advanced Metal Extractor up as T2 nears.

Phase by phase

TYPICAL OF ITS 1289 GAMES
  1. 1
  2. 2
  3. 3
PLAY THE OPENING

Follow the example game's first 6:00 step by step: what to build now, what comes next, and where it goes. At 1× it keeps pace with your own game.

  1. 1

    Bot Lab first

    Order
    1. Bot LabBot Lab done ~0:20, middle half 0:20–0:33

    Some games also: mex (36%)

  2. 2

    Bot Lab to 5:00

    Economy
    • Metal Extractor5Mex
    • Wind Turbine4Wind
    Builders
    • Construction Bot3 Con bot
    • Lazarus2 Lazarus
    Army
    • Sentry4 Sentry
    • Rocketeer17 Rocketeer
    • Tick2 Tick
    • Centurion1 Centurion
    Other
    • Radar Tower1 Radar Tower

    Some games also: con turret (35%) · pawn (32%)

    By 5:00 in all: 5 mex · 4 wind

    The example game in this phase · 69 steps
    1. LazarusLazarus
    2. Mex
    3. Wind ×2
    4. Construction BotCon bot
    5. Mex
    6. SentrySentry
    7. Construction BotCon bot
    8. CenturionCenturion
    9. Mex
    10. RocketeerRocketeer
    11. Mex
    12. SentrySentry
    13. RocketeerRocketeer
    14. LazarusLazarus
    15. Wind
    16. RocketeerRocketeer ×2
    17. Construction BotCon bot
    18. Mex
    19. Wind
    20. SentrySentry
    21. RocketeerRocketeer
    22. Radar TowerRadar Tower
    23. SentrySentry
    24. Wind
    25. RocketeerRocketeer
    26. SentrySentry
    27. RocketeerRocketeer
    28. Dragon's TeethDragon's Teeth ×2
    29. RocketeerRocketeer
    30. Wind
    31. Dragon's TeethDragon's Teeth ×4
    32. RocketeerRocketeer ×2
    33. Energy storage
    34. Con turret
    35. Dragon's TeethDragon's Teeth
    36. RocketeerRocketeer
    37. Dragon's TeethDragon's Teeth ×2
    38. LazarusLazarus ×2
    39. Construction BotCon bot
    40. Wind
    41. LazarusLazarus
    42. Wind
    43. RocketeerRocketeer
    44. Wind
    45. Construction BotCon bot
    46. RocketeerRocketeer
    47. Wind
    48. RocketeerRocketeer
    49. SentrySentry
    50. RocketeerRocketeer
    51. Wind
    52. Dragon's TeethDragon's Teeth
    53. RocketeerRocketeer
    54. Dragon's TeethDragon's Teeth
    55. RocketeerRocketeer
    56. Wind
    57. Dragon's TeethDragon's Teeth
    58. RocketeerRocketeer
    59. Dragon's TeethDragon's Teeth
    60. RocketeerRocketeer
    61. Con turret
    62. Dragon's TeethDragon's Teeth
    63. RocketeerRocketeer
    64. Dragon's TeethDragon's Teeth
    65. RocketeerRocketeer
    66. GauntletGauntletdone 8:54
    67. LazarusLazarus
    68. RocketeerRocketeer
    69. LazarusLazarus
  3. 3

    5:00 to 10:00

    Economy
    • Metal Extractor1Mex
    • Wind Turbine17Wind
    Builders
    • Construction Turret2 Con turret
    • Lazarus2 Lazarus
    • Construction Bot1 Con bot
    Army
    • Sentry1 Sentry
    • Rocketeer8 Rocketeer
    • Pawn1 Pawn

    Some games also: tick (47%) · energy storage (46%) · Radar Tower (46%) · centurion (45%) · Beamer (39%)

    By 10:00 in all: 6 mex · 23 wind · 1 energy storage · 3 con turret

    The example game in this phase · 231 steps
    1. RocketeerRocketeer
    2. Wind
    3. RocketeerRocketeer
    4. Wind
    5. PawnPawn ×2
    6. Wind
    7. Con turret
    8. PawnPawn ×2
    9. Con turret
    10. Wind
    11. PawnPawn
    12. Mex
    13. PawnPawn ×4
    14. Wind
    15. PawnPawn ×2
    16. Wind
    17. PawnPawn ×2
    18. Energy storage
    19. PawnPawn ×6
    20. Con turret
    21. PawnPawn
    22. SentrySentry
    23. PawnPawn ×4
    24. SentrySentry
    25. PawnPawn ×4
    26. Radar TowerRadar Tower
    27. PawnPawn ×14
    28. SentrySentry
    29. PawnPawn ×7
    30. Wind
    31. PawnPawn ×3
    32. Wind
    33. PawnPawn ×2
    34. Wind
    35. PawnPawn ×4
    36. Wind
    37. PawnPawn ×3
    38. Wind
    39. PawnPawn
    40. Wind
    41. PawnPawn ×2
    42. Wind
    43. PawnPawn
    44. Con turret
    45. PawnPawn ×2
    46. Mex
    47. PawnPawn
    48. Wind
    49. PawnPawn ×2
    50. Wind
    51. PawnPawn ×2
    52. Wind
    53. PawnPawn
    54. Wind
    55. PawnPawn ×2
    56. Mex
    57. Wind
    58. PawnPawn ×3
    59. Wind
    60. Construction BotCon bot ×2
    61. Wind
    62. PawnPawn
    63. Dragon's TeethDragon's Teeth
    64. Wind
    65. PawnPawn
    66. Dragon's TeethDragon's Teeth
    67. Con turret
    68. PawnPawn
    69. Wind
    70. Dragon's TeethDragon's Teeth
    71. PawnPawn
    72. Dragon's TeethDragon's Teeth ×2
    73. PawnPawn
    74. Dragon's TeethDragon's Teeth ×3
    75. PawnPawn
    76. Wind
    77. Dragon's TeethDragon's Teeth
    78. PawnPawn
    79. Dragon's TeethDragon's Teeth ×3
    80. PawnPawn
    81. AnemoneAnemone
    82. Wind
    83. Dragon's TeethDragon's Teeth ×2
    84. PawnPawn
    85. Dragon's TeethDragon's Teeth ×4
    86. Wind
    87. Dragon's TeethDragon's Teeth ×4
    88. PawnPawn
    89. Dragon's TeethDragon's Teeth
    90. Wind
    91. BeamerBeamer
    92. PawnPawn
    93. Wind ×2
    94. PawnPawn
    95. Mex
    96. Wind
    97. PawnPawn
    98. Wind
    99. SentrySentry
    100. PawnPawn
    101. Wind
    102. SentrySentry
    103. Con turret
    104. PawnPawn
    105. Con turret
    106. Wind
    107. Radar TowerRadar Tower
    108. Advanced Metal ExtractorT2 mexdone 11:13 · typical 9:36
    109. Wind
    110. Mex
    111. Wind
    112. BeamerBeamer
    113. Construction BotCon bot
    114. Wind
    115. Mex
    116. Wind
    117. Advanced Metal ExtractorT2 mex
    118. Converter
    119. AnemoneAnemone
    120. Converter
    121. Wind ×2
    122. Con turret
    123. Advanced Metal ExtractorT2 mex
    124. Con turret
    125. AnemoneAnemone
    126. Construction BotCon bot
    127. Wind ×2
    128. NettleNettle
    129. Wind
    130. Dragon's TeethDragon's Teeth ×3
    131. Wind
    132. Dragon's TeethDragon's Teeth ×6
    133. NettleNettle
    134. Wind
    135. Dragon's TeethDragon's Teeth
    136. Wind
    137. PawnPawn
    138. Wind ×4
    139. PawnPawn
    140. Wind
    141. Converter
    142. Con turret
    143. PawnPawn
    144. Wind
    145. Advanced Metal ExtractorT2 mexfor Front
    146. PawnPawn
    147. AnemoneAnemone
    148. Wind
    149. Converter
    150. PawnPawn
    151. Wind
    152. PawnPawn
    153. Wind
    154. Con turret
    155. Advanced Metal ExtractorT2 mex
    156. Wind ×2
    157. PawnPawn
    158. Wind ×2
    159. PawnPawn ×2
    160. Wind
    161. Construction BotCon bot
    162. Wind ×3
    163. Construction BotCon bot
    164. Wind ×2
    165. Converter
    166. Wind
    167. Converter
    168. PawnPawn
    169. Converter
    170. Wind ×2
    171. Converter
    172. Wind
    173. PawnPawn
    174. Wind ×2
    175. PawnPawn
    176. Wind ×2
    177. PawnPawn
    178. Wind
    179. Converter
    180. Wind ×2
    181. PawnPawn ×2
    182. Wind
    183. Advanced Metal ExtractorT2 mex
    184. Wind ×2
    185. Converter
    186. PawnPawn
    187. Wind ×2
    188. PawnPawn
    189. RattlesnakeRattlesnakedone 14:19
    190. PawnPawn
    191. Converter
    192. Wind ×3
    193. PawnPawn
    194. Wind ×2
    195. PawnPawn
    196. Wind ×2
    197. PawnPawn
    198. Wind ×2
    199. Converter
    200. Wind
    201. PawnPawn ×2
    202. Wind ×2
    203. PawnPawn
    204. Con turret
    205. Converter
    206. Wind ×4
    207. PawnPawn ×2
    208. Wind ×4
    209. PawnPawn
    210. Wind ×2
    211. PawnPawn
    212. Wind ×2
    213. Advanced Metal ExtractorT2 mex
    214. PawnPawn
    215. Wind ×3
    216. PawnPawn
    217. Converter ×2
    218. PawnPawn
    219. Wind
    220. Con turret
    221. PawnPawn
    222. Wind ×2
    223. PawnPawn
    224. Wind
    225. Converter
    226. Wind
    227. PawnPawn
    228. Wind
    229. PawnPawn
    230. Wind ×4
    231. PawnPawn

Counts are medians over the build's games: half of them build more, half fewer. The example game is Tregan's (37 OS, 20/09/2026); pick another.

Team trades

IN AT LEAST 30% OF ITS GAMES

You hand over

Nothing regular.

You get

  • Tidal Generator4 Tidal from Pondfirst at 0:10 · in 69% of games
  • Advanced Construction Bot1 T2 con bot from Geo or Techfirst at 7:31 · in 59% of games

How it plays out

Typical game of this build, running totals by minute

Metal produced

010k20k30k
0:005:0010:0015:00

metal

Enemy metal destroyed

05k10k
0:005:0010:0015:00

metal

Own metal lost

05k10k
0:005:0010:0015:00

metal

1527 games.

Show as table
ByMetal produced: This buildEnemy metal destroyed: This buildOwn metal lost: This build
1:0022600
2:0088800
3:002050179106
4:003161658496
5:00424314121026
6:00543322971789
7:00667031752710
8:00792040293619
9:00931747894495
10:001069754225316
11:001226558996054
12:001411464906830
13:001623070097536
14:001811476808373
15:002046683169249
WHAT THE NUMBERS SAY

Standard suicide front play wins slightly more than half its games with fast kills but also fast losses, matching the raw grind of the role.

  • + First kill lands by 2:04 in all games
  • + Metal produced reaches 19882 by 15:00
  • − Own metal lost hits 9208 by 15:00, near metal destroyed of 8172
  • − First unit lost as early as 2:08 in every game
THE EXAMPLE YOU ARE READING

Tregan

37.3 OS · 20/09/2026

Open source match ↗

7 received units · includes a constructor
3108 metal received · 60764 energy received

Allied construction assistance is unknown. Timings are observations, not a promise of solo reproducibility.

Typical milestones

Bot Lab0:20Middle 50%: 0:20–0:33 · n=1520
Advanced Metal Extractor9:36Middle 50%: 8:41–10:48 · n=1126

Played most by

_X_253games of this buildPlatinumBlonde181games of this buildXad120games of this buildImmort73games of this buildwatermeloans58games of this build